 Dungeon Sprint DCSS version 0.28-a0-247-gb8bfbab023 (webtiles) character file.

Game seed: 15279595776939385950

1187 MikeHunt the Carver (level 8, 62/62 HPs)
             Began as a Palentonga Fighter on Aug 25, 2021.
             Quit the game in the Dungeon (Sprint V: "Ziggurat Sprint").
             The game lasted 00:03:02 (301 turns).

MikeHunt the Carver (Palentonga Fighter)             Turns: 301, Time: 00:03:02

Health: 62/62      AC: 14    Str: 19    XL:     8   Next: 19%
Magic:  8/8        EV: 20    Int: 10    God:
Gold:   0          SH: 13    Dex: 11    Spells: 7/7 levels left

rFire   . . .      SeeInvis +   M - +7 Singing Sword {vorpal, sonic wave}
rCold   . . .      Faith    .   y - +3 kite shield
rNeg    . . .      Spirit   .   t - +5 storm dragon scales
rPois   .          Reflect  .   (no helmet)
rElec   +          Harm     .   (no cloak)
rCorr   .          Rampage  .   (no gloves)
Will    .....      NoTele   +   (no barding)
Stlth   ..........              n - amulet of the acrobat
HPRegen 0.20/turn               (no ring)
MPRegen 0.11/turn               (no ring)

@: acrobatic
A: large, rugged brown scales 3, see invisible, deformed body, roll 1, armoured
tail, reflexive curl
a: Rolling Charge


You were in the Dungeon.
You visited 1 branch

Inventory:

Hand Weapons
 a - a +0 long sword
 M - the +7 Singing Sword (weapon) {vorpal, sonic wave}
   (You found it in the Dungeon)

   It inflicts extra damage upon your enemies.
   It radiates damaging sonic waves as it strikes, especially in combat
   involving dangerous or numerous foes.
 N - the +5 sword of Power {vorpal}
   (You found it in the Dungeon)

   It inflicts extra damage upon your enemies.
   It occasionally discharges a powerful but inaccurate bolt of energy upon
   striking a foe, with increased chance the greater the wielder's current
   health.
 O - the +9 sword of Zonguldrok {reap}
   (You found it in the Dungeon)

   Any living foe damaged by it may be reanimated upon death as a zombie
   friendly to the wielder, with an increasing chance as more damage is dealt.
 R - a +2 vampiric triple sword {!w}
Armour
 b - a +0 scale mail
 c - a +0 kite shield
 r - +5 fire dragon scales
 s - +5 ice dragon scales
 t - +5 storm dragon scales (worn)
 u - +5 shadow dragon scales
 v - +5 gold dragon scales
 w - a +5 crystal plate armour
 x - a +5 plate armour
 y - a +3 kite shield (worn)
 z - a +3 tower shield
 A - a +3 buckler
Jewellery
 n - an amulet of the acrobat (around neck)
 E - a ring of flight
 F - a +6 ring of dexterity
 G - a +6 ring of dexterity
 H - a +6 ring of intelligence
 I - a +6 ring of intelligence
 J - a +6 ring of strength
 K - a +6 ring of strength
 P - a ring of protection from cold
 Q - a +6 ring of dexterity
 S - the ring "Epubb" {Str+4 SInv}
   (You found it in the Dungeon)

   [ring of see invisible]

   Str:       It affects your strength (+4).
   SInv:      It lets you see invisible.
 T - a +6 ring of strength
Wands
 B - a wand of mindburst (7)
 C - a wand of iceblast (7)
 D - a wand of acid (7)
Scrolls
 j - 4 scrolls of blinking
 o - 7 scrolls of fog
 p - 5 scrolls of identify
 q - 2 scrolls of fear
 V - a scroll of brand weapon
Potions
 d - 6 potions of might
 e - 10 potions of curing
 f - 10 potions of heal wounds
 g - 6 potions of haste
 h - 7 potions of magic
 i - 3 potions of berserk rage
 k - 2 potions of brilliance
 l - 2 potions of invisibility
 m - 4 potions of resistance
Miscellaneous
 L - a lightning rod (2/4) (quivered)
 U - a condenser vane
 W - a phial of floods


   Skills:
 - Level 3.0 Fighting
 + Level 12.0 Long Blades
 - Level 2.4 Armour
 - Level 9.0 Shields
 + Level 8.5 Evocations


You had 7 spell levels left.
You didn't know any spells.
Your spell library contained the following spells:

 Spells                   Type           Power      Damage    Failure   Level
 Dazzling Flash           Conj/Hex       0%         N/A       100%        3
 Stone Arrow              Conj/Erth      0%         3d7       100%        3
 Leda's Liquefaction      Hex/Erth       0%         N/A       100%        4
 Agony                    Necr           0%         N/A       100%        5
 Bolt of Magma            Conj/Fire/Erth 0%         4d4       100%        5
 Silence                  Hex/Air        0%         N/A       100%        5
 Statue Form              Tmut/Erth      0%         N/A       100%        6
 Shatter                  Erth           0%         3d5*      100%        9


Dungeon Overview and Level Annotations

Branches:
Dungeon (1/1)

Altars:
Ashenzari
Cheibriados
Dithmenos
Elyvilon
Fedhas
Gozag
Hepliaklqana
Kikubaaqudgha
Makhleb
Nemelex Xobeh
Okawaru
Qazlal
Ru
Sif Muna
Trog
Uskayaw
Vehumet
Wu Jian
Xom
Yredelemnul
Zin
The Shining One
Beogh
Jiyva
Lugonu

Annotations:
D 1 transporter


Innate Abilities, Weirdness & Mutations

You are completely covered in rugged brown scales. (AC +3, +7% HP)
You have supernaturally acute eyesight. (SInv)
Armour fits poorly on your strangely shaped body.
You can roll at nearby foes to attack.
You have a long armoured tail.
You curl defensively after being hit.


Message History

R - a +2 vampiric triple sword {!w} You see here a +1 spectral quarterstaff.
You see here a staff of death.
You start resting.
HP restored.
You can't wield that with a shield.
Unknown command.
Unknown command.
There is a transporter here.
Welcome to arena 5.
You enter the transporter and appear at another place.
A shadow imp, 3 zombies and a skeleton come into view.
The shadow imp shouts, "Leave, thou wayward wibble-sucking maggot-pie!"
Found five items.
Found a transporter.
Aiming: Thunderbolt
Press: ? - help, Q - select action, (/) - cycle Shift-Dir - straight line, f - quokka zombie
Aim: a quokka zombie The thunderbolt hits the bat skeleton!
You destroy the bat skeleton!
The thunderbolt hits the quokka zombie!!
You destroy the quokka zombie!
Aiming: Thunderbolt
Press: ? - help, Q - select action, (/) - cycle Shift-Dir - straight line The thunderbolt hits the giant cockroach zombie!
You destroy the giant cockroach zombie!
The thunderbolt hits the adder zombie!!
You destroy the adder zombie!
The thunderbolt hits the shadow imp!!
You kill the shadow imp!
S - the ring "Epubb" {Str+4 SInv}
T - a +6 ring of strength You see here a condenser vane.
U - a condenser vane You see here a scroll of brand weapon.
V - a scroll of brand weapon You see here a phial of floods.
W - a phial of floods
Okay, then.
Unknown command.
Are you sure you want to abandon this character and quit the game? (Confirm with "yes".)

▓..)..▓.|.).▓.....▓
▓.....▓.)...▓.}...▓
▓.....▓.))..▓.....▓
▓.....▓.....▓..†..▓
▓.....▓.....▓..©..▓
▓..©..▓..©..▓▓▓▓▓▓▓
▓▓▓▓▓▓▓▓▓▓▓▓▓▓▓▓▓▓▓
▓..8©8...▓..8©8...▓
▓..).....▓...@....▓
▓...|....▓........▓
▓........▓........▓
▓........▓........▓
▓.▓....▓.▓.▓....▓.▓
▓...©....▓...©....▓
▓▓▓▓▓▓▓▓▓▓▓▓▓▓▓▓▓▓▓


There were no monsters in sight!

Vanquished Creatures
  An ugly thing (D)
  A jumping spider (D)
  A steam dragon (shapeshifter) (D)
  A tengu (shapeshifter) (D)
  A wolf (shapeshifter) (D)
  2 phantoms (D)
  A scorpion (D)
  3 orc priests (D)
  A shadow imp (D)
  An adder zombie (D)
  An adder skeleton (D)
  2 bat skeletons (D)
  A giant cockroach zombie (D)
  A quokka zombie (D)
18 creatures vanquished.

Notes
Turn   | Place    | Note
-------+----------+-------------------------------------------
     0 | D        | MikeHunt the Palentonga Fighter began the quest for the
                  | Orb.
     0 | D        | Reached XP level 1. HP: 19/19 MP: 1/1
     0 | D        | Found a shimmering blue altar of Sif Muna.
     0 | D        | Found a sacrificial altar of Ru.
     0 | D        | Found a bloodstained altar of Trog.
     0 | D        | Found a stormy altar of Qazlal.
     0 | D        | Found an iron altar of Okawaru.
     0 | D        | Found a sparkling altar of Nemelex Xobeh.
     0 | D        | Found a blossoming altar of Fedhas.
     0 | D        | Found the +6 Majin-Bo {vamp, MP+6 Int+6}
     0 | D        | Found the +9 heavy crossbow "Sniper" {vorpal, Acc+∞ SInv}
     0 | D        | Found the +10 dark maul {vorpal}
     0 | D        | Found the +15 Maxwell's patent armour {-Cast -Tele rElec
                  | Will+ rCorr}
     0 | D        | Found the +18 shield of the Gong {rElec rN+ Will+ EV-5}
     0 | D        | Found the +14 obsidian axe {vorpal, Drain Fly SInv}
     0 | D        | Found the +7 great mace "Firestarter" {inner flame, rF++}
     0 | D        | Found the +6 shillelagh "Devastator" {shatter}
     0 | D        | Found the +11 plutonium sword {Contam Stlth-}
     0 | D        | Found the +8 lance "Wyrmbane" {slay drac, rPois rF+ rC+
                  | AC+3}
     0 | D        | Found the +9 sword of Zonguldrok {reap}
     0 | D        | Found the +13 scythe of Curses {drain, Drain}
     0 | D        | Found the +5 sword of Power {vorpal}
     0 | D        | Found the +7 mace of Variability {chain chaos}
     0 | D        | Found the +7 Singing Sword {vorpal, sonic wave}
     0 | D        | Found the +8 storm bow {elec, penet}
     2 | D        | Found a transporter.
     2 | D        | Found an ancient bone altar of Kikubaaqudgha.
     2 | D        | Found a viscous altar of Jiyva.
     2 | D        | Found a corrupted altar of Lugonu.
     2 | D        | Found a hazy altar of Hepliaklqana.
     2 | D        | Found a burning altar of Makhleb.
     2 | D        | Found an opulent altar of Gozag.
    57 | D        | Reached skill level 4 in Long Blades
    57 | D        | Reached XP level 2. HP: 25/25 MP: 2/2
    59 | D        | Entered arena 2.
    59 | D        | Noticed a jumping spider
    59 | D        | Noticed a scorpion
    59 | D        | Found a transporter.
    61 | D        | Killed a scorpion
    62 | D        | Reached skill level 6 in Long Blades
    62 | D        | Reached skill level 5 in Shields
    62 | D        | Reached XP level 3. HP: 31/31 MP: 3/3
    62 | D        | Killed a jumping spider
    63 | D        | Reached skill level 8 in Long Blades
    63 | D        | Reached XP level 4. HP: 37/37 MP: 4/4
    63 | D        | Reached XP level 5. HP: 43/43 MP: 5/5
    86 | D        | Entered arena 3.
    86 | D        | Found a transporter.
    89 | D        | Reached skill level 9 in Long Blades
    89 | D        | Reached XP level 6. HP: 50/50 MP: 6/6
   100 | D        | Entered arena 4.
   100 | D        | Found a transporter.
   103 | D        | Reached skill level 5 in Evocations
   104 | D        | Reached skill level 10 in Long Blades
   115 | D        | Entered arena 5.
   115 | D        | Noticed a red ugly thing
   115 | D        | Found a transporter.
   116 | D        | Noticed a steam dragon
   116 | D        | a worm changed into a steam dragon
   119 | D        | Gained mutation: You curl defensively after being hit.
                  | [Palentonga growth]
   119 | D        | Reached XP level 7. HP: 49/55 MP: 7/7
   119 | D        | Killed a steam dragon
   120 | D        | Reached skill level 11 in Long Blades
   120 | D        | Killed a red ugly thing
   121 | D        | Reached skill level 12 in Long Blades
   121 | D        | Reached XP level 8. HP: 30/62 MP: 8/8
   282 | D        | Entered arena 6.
   282 | D        | Found a transporter.
   289 | D        | Got the ring "Epubb" {Str+4 SInv}
   301 | D        | Quit the game

Illustrated notes

Levels and vault maps discovered:
D:        sprint_v [room_start, room_1, room_2, room_3, room_4, room_5, room_6,
          room_7, room_8, room_9, room_10, room_11, room_12, room_13, room_14,
          room_15, room_16, room_17, room_18, room_19, room_20, room_21,
          room_22, room_23, room_24, room_25, room_26, room_27]

Skill      XL: |  1  2  3  4  5  6  7 |
---------------+----------------------+-----
Long Blades    | 4 6 8 9 10 12 | 12.0
Shields        | 4 5 7 8 9 |  9.0
Evocations     | 3 4 6 8 |  8.5
Fighting       | |  3.0
Armour         | |  2.4

Action                   |  1- 3 |  4- 6 |  7- 9 || total
-------------------------+-------+-------+-------++-------
Melee: Double sword      |       |       |     1 ||     1
Evoke: Lightning rod     |     3 |     8 |     3 ||    14
  Use: Potion            |     1 |       |       ||     1
Armor: Scale mail        |     2 |       |       ||     2
Dodge: Dodged            |       |     1 |       ||     1
Block: Kite shield       |       |     1 |       ||     1

Table legend: (Time is in decaauts)
 A = Elapsed time spent in this place.
 B = Non-inter-level travel time spent in this place.
 C = Inter-level travel time spent in this place.
 D = Time resting spent in this place.
 E = Time spent auto-exploring this place.
 F = Levels seen in this place.
 G = Mean time per level.
                   A        B        C        D        E       F      G
               +--------+--------+--------+--------+--------+-----+--------+
         Total |    300 |    300 |      0 |    148 |      0 |   1 |  300.0 |
       Dungeon |    300 |    300 |      0 |    148 |      0 |   1 |  300.0 |
               +--------+--------+--------+--------+--------+-----+--------+

Top non-repeatable levels by time:
       D: 300 daAuts
